Predators vs Blue Jackets

Created - February 20, 2021 at 20:22

Goals
1 2 3 T
Predators 1 1 2 4
Blue Jackets 1 2 0 3
Shots
1 2 3 T
Predators 13 10 8 31
Blue Jackets 10 14 5 29

1st period

1. Predators , Jaden Schwartz 20 (Brendan Gallagher 15, Ryan Kesler 31) at 6:53
2. Blue Jackets , Mike Lundin 7 (Andreas Nodl 8, Eric Wellwood 12) at 10:01

Penalties :
Cam Fowler (Clb) for High sticking (Minor) at 0:14, Dalton Prout (Clb) for Tripping (Minor) at 7:47, Dalton Prout (Clb) for Tripping (Minor) at 15:28, Nate Schmidt (Nas) for Hooking (Minor) at 18:32

2nd period

3. Blue Jackets , Artemi Panarin 29 (Cam Fowler 20, Martin Havlat 18) at 8:25
4. Predators , Justin Abdelkader 9 (Dmitri Kalinin 5, Andy Miele 10) at 12:51
5. Blue Jackets , Artemi Panarin 30 (Tyler Seguin 39) at 13:51 (PP)

Penalties :
Justin Faulk (Nas) for Interference (Minor) at 13:50, Dmitri Kalinin (Nas) for Slashing (Minor) at 16:07

3rd period

6. Predators , Alex Killorn 4 (John Moore 11, Ryan Mcdonagh 27) at 9:56
7. Predators , Justin Abdelkader 10 (Andy Miele 11, Mikael Granlund 43) at 12:38

Penalties :
Jack Eichel (Nas) for Tripping (Minor) at 0:23, Nate Schmidt (Nas) for Hooking (Minor) at 2:47

Goalie Stats

Viktor Fasth (Nas), 26 saves from 29 shots - (0.897), W, 20-14-2, 60:00 minutes
Andrei Vasilevskiy (Clb), 27 saves from 31 shots - (0.871), L, 7-4-0, 58:53 minutes

Players Stats for Predators

Player Name              G  A  P  +/- PIM S  H  SB GA TA FO     MP     PP MP  PK MP  
------------------------------------------------------------------------------------
Alex Killorn             1  0  1   0  0   3  3  0  1  0  0/0     8:56   0:00   0:00 
Alexander Edler          0  0  0   0  0   1  2  2  0  2  0/0    26:49   3:48   4:52 
Alexander Ovechkin       0  0  0   0  0   3  2  0  0  0  0/0    20:11   3:24   1:13 
Andy Miele               0  2  2   1  0   0  0  0  0  0  4/6    11:43   0:00   1:57 
Brendan Gallagher        0  1  1   1  0   3  2  1  0  0  2/2    16:08   2:27   1:13 
Byron Bitz               0  0  0   0  0   0  2  0  0  0  2/3    11:03   0:06   1:57 
Dmitri Kalinin           0  1  1   0  2   1  1  1  0  1  0/0    11:43   0:00   0:00 
Jack Eichel              0  0  0   0  2   1  0  0  0  0  13/28  19:00   3:24   0:00 
Jaden Schwartz           1  0  1   1  0   5  1  0  1  0  4/11   20:25   2:33   4:47 
John Moore               0  1  1   2  0   1  4  1  1  1  0/0    21:28   2:09   3:05 
Justin Abdelkader        2  0  2   1  0   2  0  0  0  1  0/0     8:27   0:00   0:00 
Justin Faulk             0  0  0   2  2   1  2  0  0  0  0/0    19:16   2:09   1:25 
Mark Pysyk               0  0  0   1  0   0  0  0  0  0  0/0    13:51   0:00   4:47 
Mikael Granlund          0  1  1   0  0   2  3  2  2  0  0/1    18:58   3:24   0:00 
Nate Schmidt             0  0  0   0  4   0  0  1  0  1  0/0    14:23   0:00   1:40 
Nik Antropov             0  0  0   0  0   1  0  0  0  1  0/0     8:56   0:00   0:00 
Ryan Kesler              0  1  1   1  0   3  0  0  0  1  4/10   13:46   2:33   0:00 
Ryan Mcdonagh            0  1  1   0  0   4  0  1  0  0  0/0    26:55   3:48   4:52 

Players Stats for Blue Jackets

Player Name              G  A  P  +/- PIM S  H  SB GA TA FO     MP     PP MP  PK MP  
------------------------------------------------------------------------------------
Andreas Nodl             0  1  1  -2  0   1  2  0  0  0  0/0     8:09   0:00   0:00 
Artemi Panarin           2  0  2   1  0   10 1  0  0  0  0/1    23:09   4:44   3:27 
Brandon Bollig           0  0  0  -2  0   0  0  2  0  0  0/0     8:14   0:00   0:09 
Branislav Mezei          0  0  0  -1  0   0  1  1  1  0  0/0    13:51   0:00   2:13 
Cam Fowler               0  1  1   0  2   4  1  1  0  0  0/0    27:53   5:05   2:30 
Cody Eakin               0  0  0  -2  0   0  2  0  1  0  1/1     9:08   0:00   0:04 
Dalton Prout             0  0  0  -1  4   0  0  0  2  2  0/0    18:33   2:52   1:14 
Dennis Wideman           0  0  0  -1  0   0  0  0  0  0  0/0    11:21   0:00   0:00 
Devin Setoguchi          0  0  0   0  0   0  3  0  1  1  0/1    14:18   4:44   0:00 
Eric Wellwood            0  1  1  -1  0   2  1  2  0  0  0/0    14:29   0:00   1:00 
Martin Havlat            0  1  1   1  0   1  2  0  1  0  0/1    18:22   3:13   0:00 
Max Pacioretty           0  0  0   0  0   3  0  0  0  0  0/0    15:05   3:13   1:55 
Mike Lundin              1  0  1   0  0   2  1  5  0  1  0/0    29:05   5:05   3:41 
Pavel Datsyuk            0  0  0  -1  0   2  1  0  1  0  3/6    12:14   0:00   0:00 
Peter Mueller            0  0  0   0  0   0  1  1  1  0  3/6    13:16   3:13   1:49 
Rob Scuderi              0  0  0  -1  0   0  0  0  0  0  0/0    19:34   2:52   2:16 
Tyler Kennedy            0  0  0  -1  0   1  4  0  0  1  0/1    13:19   0:00   0:00 
Tyler Seguin             0  1  1   1  0   3  0  0  0  0  25/44  24:00   4:44   3:30 

3 Stars

1 - Justin Abdelkader (Nas)
2 - Artemi Panarin (Clb)
3 - John Moore (Nas)

Power Play

Predators - 0 on 3 Attempt(s) - 0.00%
Blue Jackets - 1 on 5 Attempt(s) - 20.00%

Penalty Kill

Predators - 4 on 5 Attempt(s) - 80.00% - Score 0 goal in Penalty Kill
Blue Jackets - 3 on 3 Attempt(s) - 100.00% - Score 0 goal in Penalty Kill

Team Stat

Predators - Hits : 22 - Faceoff Wins : 29 - Blocked Shots : 9 - Penalty Minutes : 10
Blue Jackets - Hits : 20 - Faceoff Wins : 32 - Blocked Shots : 12 - Penalty Minutes : 6

Official

Referees : Unknown
Linesman : Unknown

Game Notes

No Game Note

Finance

Level 1 -- Attendance: 4867 (81.12%) -- Ticket Income $559,705
Level 2 -- Attendance: 3336 (66.72%) -- Ticket Income $250,200
Level 3 -- Attendance: 1597 (79.85%) -- Ticket Income $71,865
Level 4 -- Attendance: 3573 (89.33%) -- Ticket Income $107,190
Luxury Box -- Attendance: 720 (72.00%) -- Ticket Income $154,800
Game was played at the Ohio State Arena.
Total Attendance: 14093 (78.29%)
Total Ticket Income: $1,143,760
Other Income: $171,564
Total Income: $1,315,324

Predators

5 vs 5 Forward 
   Center                   Left Wing                Right Wing               Time % Phy DF OF 
 1 Jack Eichel              Alexander Ovechkin       Mikael Granlund          40     1   2  2  
 2 Ryan Kesler              Jaden Schwartz           Brendan Gallagher        30     1   2  2  
 3 Andy Miele               Justin Abdelkader        Mark Pysyk               20     1   2  2  
 4 Byron Bitz               Alex Killorn             Nik Antropov             10     1   2  2  

5 vs 5 Defense 
   Defense                  Defense                                           Time % Phy DF OF 
 1 Ryan Mcdonagh            Alexander Edler                                   40     1   2  2  
 2 John Moore               Justin Faulk                                      33     1   2  2  
 3 Dmitri Kalinin           Nate Schmidt                                      20     1   2  2  
 4 Ryan Mcdonagh            Alexander Edler                                   7      1   2  2  

PowerPlay Forward 
   Center                   Left Wing                Right Wing               Time % Phy DF OF 
 1 Jack Eichel              Alexander Ovechkin       Mikael Granlund          60     1   1  3  
 2 Ryan Kesler              Jaden Schwartz           Brendan Gallagher        40     1   1  3  

PowerPlay Defense
   Defense                  Defense                                           Time % Phy DF OF 
 1 Ryan Mcdonagh            Alexander Edler                                   60     1   1  3  
 2 John Moore               Justin Faulk                                      40     1   1  3  

Penalty Kill 4 Players Forward 
   Center                   Wing                     Time % Phy DF OF 
 1 Jaden Schwartz           Mark Pysyk               60     1   2  2  
 2 Andy Miele               Byron Bitz               40     1   2  2  

Penalty Kill 4 Players Defense
   Defense                  Defense                  Time % Phy DF OF 
 1 Ryan Mcdonagh            Alexander Edler          60     1   2  2  
 2 John Moore               Nate Schmidt             40     1   1  3  

Penalty Kill - 3 Players Forward 
   Forward                                           Time % Phy DF OF 
 1 Alexander Ovechkin                                60     1   2  2  
 2 Jaden Schwartz                                    40     1   2  2  

Penalty Kill - 3 Players Defense
   Defense                  Defense                  Time % Phy DF OF 
 1 Ryan Mcdonagh            Alexander Edler          60     1   2  2  
 2 John Moore               Nate Schmidt             40     1   2  2  

4 vs 4 Forward 
   Center                   Wing                     Time % Phy DF OF 
 1 Mikael Granlund          Alexander Ovechkin       60     1   2  2  
 2 Jaden Schwartz           Brendan Gallagher        40     1   2  2  

4 vs 4 Defense
   Defense                  Defense                  Time % Phy DF OF 
 1 Ryan Mcdonagh            Alexander Edler          60     1   2  2  
 2 John Moore               Justin Faulk             40     1   2  2  

Last Minutes Offensive
   Center                   Left Wing                Right Wing               Defense                  Defense                  
   Jack Eichel              Alexander Ovechkin       Mikael Granlund          Ryan Mcdonagh            Alexander Edler          

Last Minutes Defensive
   Center                   Left Wing                Right Wing               Defense                  Defense                  
   Andy Miele               Jaden Schwartz           Brendan Gallagher        John Moore               Ryan Mcdonagh            

Goaltenders
Starting : Viktor Fasth             
Backup : Anders Lindback          

Extra Forwards
Normal : Alexander Ovechkin, Byron Bitz, Nik Antropov - PP : Alexander Ovechkin, Byron Bitz - PK : Brendan Gallagher
Extra Defensemen
Normal : Nate Schmidt, Dmitri Kalinin, John Moore - PP : Nate Schmidt - PK : Justin Faulk, John Moore
Penalty Shots
Jaden Schwartz, Jack Eichel, Alexander Ovechkin, Ryan Mcdonagh, Andy Miele

Scratches
None

Blue Jackets

5 vs 5 Forward 
   Center                   Left Wing                Right Wing               Time % Phy DF OF 
 1 Tyler Seguin             Artemi Panarin           Martin Havlat            40     1   2  2  
 2 Pavel Datsyuk            Max Pacioretty           Devin Setoguchi          27     1   2  2  
 3 Peter Mueller            Eric Wellwood            Tyler Kennedy            23     1   2  2  
 4 Cody Eakin               Brandon Bollig           Andreas Nodl             10     1   2  2  

5 vs 5 Defense 
   Defense                  Defense                                           Time % Phy DF OF 
 1 Cam Fowler               Mike Lundin                                       40     1   2  2  
 2 Dalton Prout             Rob Scuderi                                       30     1   2  2  
 3 Branislav Mezei          Dennis Wideman                                    20     1   2  2  
 4 Cam Fowler               Mike Lundin                                       10     1   2  2  

PowerPlay Forward 
   Center                   Left Wing                Right Wing               Time % Phy DF OF 
 1 Tyler Seguin             Artemi Panarin           Devin Setoguchi          60     1   2  2  
 2 Peter Mueller            Max Pacioretty           Martin Havlat            40     1   2  2  

PowerPlay Defense
   Defense                  Defense                                           Time % Phy DF OF 
 1 Cam Fowler               Mike Lundin                                       60     1   2  2  
 2 Dalton Prout             Rob Scuderi                                       40     1   2  2  

Penalty Kill 4 Players Forward 
   Center                   Wing                     Time % Phy DF OF 
 1 Tyler Seguin             Artemi Panarin           60     1   2  2  
 2 Max Pacioretty           Peter Mueller            40     1   2  2  

Penalty Kill 4 Players Defense
   Defense                  Defense                  Time % Phy DF OF 
 1 Cam Fowler               Mike Lundin              60     1   2  2  
 2 Dalton Prout             Rob Scuderi              40     1   2  2  

Penalty Kill - 3 Players Forward 
   Forward                                           Time % Phy DF OF 
 1 Tyler Seguin                                      60     1   2  2  
 2 Artemi Panarin                                    40     1   2  2  

Penalty Kill - 3 Players Defense
   Defense                  Defense                  Time % Phy DF OF 
 1 Cam Fowler               Mike Lundin              60     1   2  2  
 2 Dalton Prout             Rob Scuderi              40     1   2  2  

4 vs 4 Forward 
   Center                   Wing                     Time % Phy DF OF 
 1 Tyler Seguin             Artemi Panarin           60     1   2  2  
 2 Max Pacioretty           Peter Mueller            40     1   2  2  

4 vs 4 Defense
   Defense                  Defense                  Time % Phy DF OF 
 1 Cam Fowler               Mike Lundin              60     1   2  2  
 2 Dalton Prout             Rob Scuderi              40     1   2  2  

Last Minutes Offensive
   Center                   Left Wing                Right Wing               Defense                  Defense                  
   Tyler Seguin             Artemi Panarin           Devin Setoguchi          Cam Fowler               Mike Lundin              

Last Minutes Defensive
   Center                   Left Wing                Right Wing               Defense                  Defense                  
   Tyler Seguin             Artemi Panarin           Devin Setoguchi          Cam Fowler               Mike Lundin              

Goaltenders
Starting : Andrei Vasilevskiy       
Backup : Rick DiPietro            

Extra Forwards
Normal : Pavel Datsyuk, Tyler Kennedy, Eric Wellwood - PP : Pavel Datsyuk, Tyler Kennedy - PK : Eric Wellwood
Extra Defensemen
Normal : Branislav Mezei, Mike Lundin, Dalton Prout - PP : Branislav Mezei - PK : Cam Fowler, Dalton Prout
Penalty Shots
Tyler Seguin, Artemi Panarin, Max Pacioretty, Peter Mueller, Devin Setoguchi

Scratches
Ryan Wilson (Healthy), Timothy Kunes (Healthy)

% Time on Ice - Predators

Lines # - Real PCT - Wanted PCT - Time Play
Normal Forward
1 - 36% - 40% - 16:11
2 - 25% - 30% - 11:17
3 - 19% - 20% - 8:27
4 - 20% - 10% - 8:56
Normal Defense
1 - 40% - 40% - 18:09
2 - 36% - 33% - 16:08
3 - 24% - 20% - 10:34
4 - 0% - 7% - 0:00
PP Forward
1 - 57% - 60% - 3:24
2 - 43% - 40% - 2:33
PP Defense
1 - 64% - 60% - 3:48
2 - 36% - 40% - 2:09
PK Forward
1 - 75% - 60% - 6:00
2 - 25% - 40% - 1:57
PK Defense
1 - 61% - 60% - 4:52
2 - 39% - 40% - 3:05
PK3 Forward
1 - 0% - 60%
2 - 0% - 40%
PK3 Defense
1 - 0% - 60%
2 - 0% - 40%
44 Forward
1 - 0% - 60%
2 - 0% - 40%
44 Defense
1 - 0% - 60%
2 - 0% - 40%
Last Minute Offensive  - 0:00
Last Minute Defensive  - 1:15
Total
Forward - 60:00
Defense - 60:00

% Time on Ice - Blue Jackets

Lines # - Real PCT - Wanted PCT - Time Play
Normal Forward
1 - 32% - 40% - 14:25
2 - 25% - 27% - 11:20
3 - 25% - 23% - 11:06
4 - 18% - 10% - 8:01
Normal Defense
1 - 39% - 40% - 17:28
2 - 32% - 30% - 14:26
3 - 25% - 20% - 11:21
4 - 4% - 10% - 1:37
PP Forward
1 - 60% - 60% - 4:44
2 - 40% - 40% - 3:13
PP Defense
1 - 64% - 60% - 5:05
2 - 36% - 40% - 2:52
PK Forward
1 - 69% - 60% - 4:08
2 - 31% - 40% - 1:49
PK Defense
1 - 62% - 60% - 3:41
2 - 38% - 40% - 2:16
PK3 Forward
1 - 0% - 60%
2 - 0% - 40%
PK3 Defense
1 - 0% - 60%
2 - 0% - 40%
44 Forward
1 - 0% - 60%
2 - 0% - 40%
44 Defense
1 - 0% - 60%
2 - 0% - 40%
Last Minute Offensive  - 1:14
Last Minute Defensive  - 0:00
Total
Forward - 60:00
Defense - 60:00

Play-by-Play

1st period


0:01 of 1st period - Tyler Seguin wins face-off versus Jack Eichel in neutral zone.
0:14 of 1st period - Minor Penalty to Cam Fowler for High sticking.
0:15 of 1st period - Tyler Seguin wins face-off versus Jack Eichel in Blue Jackets zone.
2:14 of 1st period - Penalty to Cam Fowler is over, Cam Fowler is back on ice.
2:42 of 1st period - Icing by Branislav Mezei.
2:43 of 1st period - Byron Bitz wins face-off versus Pavel Datsyuk in Blue Jackets zone.
3:38 of 1st period - Peter Mueller is hit by Brendan Gallagher.
4:10 of 1st period - Wrist shot by Max Pacioretty.
4:10 of 1st period - Shot Misses the Net.
4:12 of 1st period - Slapshot by Max Pacioretty.
4:12 of 1st period - Shot Misses the Net.
4:14 of 1st period - Slapshot by Dennis Wideman.
4:14 of 1st period - Shot Misses the Net.
4:16 of 1st period - Snap shot by Max Pacioretty.
4:16 of 1st period - Stopped by Viktor Fasth without a rebound.
4:17 of 1st period - Tyler Seguin wins face-off versus Ryan Kesler in Predators zone.
5:09 of 1st period - Wrist shot by Artemi Panarin.
5:09 of 1st period - Deflect By Tyler Seguin.
5:09 of 1st period - Shot Blocked by Ryan Mcdonagh.
5:09 of 1st period - Puck is out of play.
5:10 of 1st period - Peter Mueller wins face-off versus Ryan Kesler in Predators zone.
5:38 of 1st period - Wrist shot by Cody Eakin.
5:38 of 1st period - Shot Misses the Net.
5:46 of 1st period - Mike Lundin is hit by John Moore and loses puck.
5:51 of 1st period - Slapshot by Ryan Kesler.
5:51 of 1st period - Stopped by Andrei Vasilevskiy with a rebound.
5:55 of 1st period - Wrist shot by Jaden Schwartz.
5:55 of 1st period - Stopped by Andrei Vasilevskiy with a rebound.
6:03 of 1st period - Snap shot by Jaden Schwartz.
6:03 of 1st period - Stopped by Andrei Vasilevskiy with a rebound.
6:07 of 1st period - Slapshot by Jaden Schwartz.
6:07 of 1st period - Shot Blocked by Cam Fowler.
6:21 of 1st period - Snap shot by Ryan Kesler.
6:21 of 1st period - Shot Blocked by Brandon Bollig.
6:23 of 1st period - Slapshot by Justin Faulk.
6:23 of 1st period - Shot Misses the Net.
6:25 of 1st period - Slapshot by Justin Faulk.
6:25 of 1st period - Stopped by Andrei Vasilevskiy with a rebound.
6:39 of 1st period - Slapshot by Jaden Schwartz.
6:39 of 1st period - Shot Blocked by Mike Lundin.
6:41 of 1st period - Wrist shot by Jaden Schwartz.
6:41 of 1st period - Stopped by Andrei Vasilevskiy with a rebound.
6:43 of 1st period - Wrist shot by Jaden Schwartz.
6:43 of 1st period - Shot Blocked by Mike Lundin.
6:47 of 1st period - Slapshot by Ryan Kesler.
6:47 of 1st period - Stopped by Andrei Vasilevskiy with a rebound.
6:51 of 1st period - Snap shot by Brendan Gallagher.
6:51 of 1st period - Shot Misses the Net.
6:53 of 1st period - Slapshot by Jaden Schwartz.
6:53 of 1st period - Goal by Jaden Schwartz - Predators : 1 - Blue Jackets : 0.
6:54 of 1st period - Tyler Seguin wins face-off versus Jack Eichel in neutral zone.
7:21 of 1st period - Ryan Mcdonagh is hit by Devin Setoguchi and loses puck.
7:47 of 1st period - Minor Penalty to Dalton Prout for Tripping.
7:48 of 1st period - Tyler Seguin wins face-off versus Jack Eichel in Blue Jackets zone.
7:48 of 1st period - Tyler Seguin is hit by Alexander Ovechkin.
7:54 of 1st period - Wrist shot by Artemi Panarin.
7:54 of 1st period - Shot Misses the Net.
9:47 of 1st period - Penalty to Dalton Prout is over, Dalton Prout is back on ice.
9:57 of 1st period - Slapshot by Mike Lundin.
9:57 of 1st period - Shot Blocked by Dmitri Kalinin.
9:59 of 1st period - Snap shot by Andreas Nodl.
9:59 of 1st period - Shot Misses the Net.
10:01 of 1st period - Slapshot by Mike Lundin.
10:01 of 1st period - Deflect By Justin Abdelkader.
10:01 of 1st period - Goal by Mike Lundin - Predators : 1 - Blue Jackets : 1.
10:02 of 1st period - Andy Miele wins face-off versus Tyler Seguin in neutral zone.
10:37 of 1st period - Wrist shot by Max Pacioretty.
10:37 of 1st period - Shot Hit the Post.
10:39 of 1st period - Wrist shot by Max Pacioretty.
10:39 of 1st period - Stopped by Viktor Fasth without a rebound.
10:40 of 1st period - Jack Eichel wins face-off versus Tyler Seguin in Predators zone.
10:47 of 1st period - Wrist shot by Artemi Panarin.
10:47 of 1st period - Shot Blocked by Alexander Edler.
10:49 of 1st period - Snap shot by Artemi Panarin.
10:49 of 1st period - Deflect By Martin Havlat.
10:49 of 1st period - Shot Misses the Net.
10:49 of 1st period - Puck is out of play.
10:50 of 1st period - Jack Eichel wins face-off versus Tyler Seguin in Predators zone.
10:50 of 1st period - Jack Eichel is hit by Artemi Panarin.
11:14 of 1st period - Wrist shot by Tyler Seguin.
11:14 of 1st period - Stopped by Viktor Fasth with a rebound.
11:16 of 1st period - Slapshot by Rob Scuderi.
11:16 of 1st period - Shot Blocked by Mikael Granlund.
11:18 of 1st period - Wrist shot by Artemi Panarin.
11:18 of 1st period - Stopped by Viktor Fasth without a rebound.
11:19 of 1st period - Andy Miele wins face-off versus Peter Mueller in Predators zone.
11:46 of 1st period - Max Pacioretty is hit by Jaden Schwartz and loses puck.
12:09 of 1st period - Snap shot by Alexander Ovechkin.
12:09 of 1st period - Shot Blocked by Mike Lundin.
12:11 of 1st period - Slapshot by Ryan Mcdonagh.
12:11 of 1st period - Stopped by Andrei Vasilevskiy without a rebound.
12:12 of 1st period - Tyler Seguin wins face-off versus Jack Eichel in Blue Jackets zone.
13:07 of 1st period - Icing by Justin Abdelkader.
13:08 of 1st period - Andy Miele wins face-off versus Tyler Seguin in Predators zone.
13:23 of 1st period - Wrist shot by Artemi Panarin.
13:23 of 1st period - Stopped by Viktor Fasth with a rebound.
13:25 of 1st period - Slapshot by Tyler Seguin.
13:25 of 1st period - Deflect By Artemi Panarin.
13:25 of 1st period - Shot Blocked by John Moore.
13:25 of 1st period - Puck is out of play.
13:26 of 1st period - Pavel Datsyuk wins face-off versus Jack Eichel in Predators zone.
13:27 of 1st period - Wrist shot by Max Pacioretty.
13:27 of 1st period - Stopped by Viktor Fasth with a rebound.
13:39 of 1st period - Snap shot by Alexander Ovechkin.
13:39 of 1st period - Deflect By Cam Fowler.
13:39 of 1st period - Shot Misses the Net.
13:39 of 1st period - Puck is out of play.
13:40 of 1st period - Tyler Seguin wins face-off versus Mikael Granlund in Blue Jackets zone.
13:49 of 1st period - Wrist shot by Artemi Panarin.
13:49 of 1st period - Stopped by Viktor Fasth without a rebound.
13:50 of 1st period - Tyler Seguin wins face-off versus Jack Eichel in Predators zone.
13:53 of 1st period - Wrist shot by Tyler Seguin.
13:53 of 1st period - Shot Blocked by Alexander Edler.
14:36 of 1st period - Slapshot by Mikael Granlund.
14:36 of 1st period - Shot Misses the Net.
14:42 of 1st period - Wrist shot by Mikael Granlund.
14:42 of 1st period - Deflect By Alexander Ovechkin.
14:42 of 1st period - Stopped by Andrei Vasilevskiy without a rebound.
14:43 of 1st period - Ryan Kesler wins face-off versus Tyler Kennedy in Blue Jackets zone.
14:44 of 1st period - Snap shot by Brendan Gallagher.
14:44 of 1st period - Stopped by Andrei Vasilevskiy without a rebound.
14:45 of 1st period - Peter Mueller wins face-off versus Ryan Kesler in Blue Jackets zone.
15:28 of 1st period - Minor Penalty to Dalton Prout for Tripping.
15:29 of 1st period - Tyler Seguin wins face-off versus Jack Eichel in Blue Jackets zone.
15:41 of 1st period - Snap shot by Mikael Granlund.
15:41 of 1st period - Shot Misses the Net.
15:43 of 1st period - Snap shot by Jack Eichel.
15:43 of 1st period - Stopped by Andrei Vasilevskiy with a rebound.
15:45 of 1st period - Slapshot by Alexander Edler.
15:45 of 1st period - Deflect By Alexander Ovechkin.
15:45 of 1st period - Shot Misses the Net.
15:45 of 1st period - Puck is out of play.
15:46 of 1st period - Ryan Kesler wins face-off versus Tyler Seguin in Blue Jackets zone.
15:57 of 1st period - Snap shot by Brendan Gallagher.
15:57 of 1st period - Stopped by Andrei Vasilevskiy with a rebound.
15:59 of 1st period - Snap shot by Ryan Kesler.
15:59 of 1st period - Shot Blocked by Mike Lundin.
16:01 of 1st period - Snap shot by Ryan Mcdonagh.
16:01 of 1st period - Deflect By Ryan Kesler.
16:01 of 1st period - Stopped by Andrei Vasilevskiy without a rebound.
16:02 of 1st period - Tyler Seguin wins face-off versus Jack Eichel in Blue Jackets zone.
16:12 of 1st period - Off-side.
16:13 of 1st period - Jack Eichel wins face-off versus Tyler Seguin in neutral zone.
16:40 of 1st period - Cam Fowler is hit by Alexander Edler and loses puck.
17:28 of 1st period - Penalty to Dalton Prout is over, Dalton Prout is back on ice.
17:46 of 1st period - Alexander Edler is hit by Branislav Mezei and loses puck.
18:08 of 1st period - Slapshot by Ryan Mcdonagh.
18:08 of 1st period - Deflect By Byron Bitz.
18:08 of 1st period - Shot Blocked by Eric Wellwood.
18:08 of 1st period - Puck is out of play.
18:09 of 1st period - Byron Bitz wins face-off versus Peter Mueller in Blue Jackets zone.
18:19 of 1st period - Off-side.
18:20 of 1st period - Jack Eichel wins face-off versus Tyler Seguin in neutral zone.
18:27 of 1st period - Wrist shot by Artemi Panarin.
18:27 of 1st period - Deflect By Martin Havlat.
18:27 of 1st period - Stopped by Viktor Fasth with a rebound.
18:29 of 1st period - Slapshot by Cam Fowler.
18:29 of 1st period - Stopped by Viktor Fasth without a rebound.
18:30 of 1st period - Jack Eichel wins face-off versus Tyler Seguin in Predators zone.
18:32 of 1st period - Minor Penalty to Nate Schmidt for Hooking.
18:33 of 1st period - Tyler Seguin wins face-off versus Jaden Schwartz in Predators zone.
19:09 of 1st period - Andy Miele is hit by Martin Havlat and loses puck.
19:33 of 1st period - Off-side.
19:34 of 1st period - Brendan Gallagher wins face-off versus Devin Setoguchi in neutral zone.
19:44 of 1st period - Icing by Dalton Prout.
19:45 of 1st period - Jaden Schwartz wins face-off versus Tyler Seguin in Blue Jackets zone.
Goals for this period are 1 for Predators vs 1 for Blue Jackets.
Shots for this period are 13 for Predators vs 10 for Blue Jackets.

2nd period


0:01 of 2nd period - Tyler Seguin wins face-off versus Jaden Schwartz in neutral zone.
0:32 of 2nd period - Penalty to Nate Schmidt is over, Nate Schmidt is back on ice.
0:55 of 2nd period - Jaden Schwartz is hit by Andreas Nodl and loses puck.
1:12 of 2nd period - Slapshot by John Moore.
1:12 of 2nd period - Stopped by Andrei Vasilevskiy without a rebound.
1:13 of 2nd period - Jack Eichel wins face-off versus Peter Mueller in Blue Jackets zone.
1:46 of 2nd period - Artemi Panarin is hit by Alex Killorn and loses puck.
2:00 of 2nd period - Off-side.
2:01 of 2nd period - Jack Eichel wins face-off versus Pavel Datsyuk in neutral zone.
2:18 of 2nd period - Slapshot by Pavel Datsyuk.
2:18 of 2nd period - Stopped by Viktor Fasth with a rebound.
2:26 of 2nd period - Mikael Granlund is hit by Devin Setoguchi and loses puck.
2:30 of 2nd period - Icing by Dmitri Kalinin.
2:31 of 2nd period - Jack Eichel wins face-off versus Tyler Seguin in Predators zone.
2:51 of 2nd period - Artemi Panarin is hit by Alexander Ovechkin and loses puck.
2:56 of 2nd period - Wrist shot by Mikael Granlund.
2:56 of 2nd period - Stopped by Andrei Vasilevskiy without a rebound.
2:57 of 2nd period - Ryan Kesler wins face-off versus Pavel Datsyuk in Blue Jackets zone.
3:22 of 2nd period - Alexander Edler is hit by Peter Mueller and loses puck.
3:47 of 2nd period - Snap shot by Artemi Panarin.
3:47 of 2nd period - Stopped by Viktor Fasth without a rebound.
3:48 of 2nd period - Tyler Seguin wins face-off versus Jack Eichel in Predators zone.
3:51 of 2nd period - Snap shot by Artemi Panarin.
3:51 of 2nd period - Shot Blocked by Mikael Granlund.
4:14 of 2nd period - Jaden Schwartz is hit by Devin Setoguchi and loses puck.
4:23 of 2nd period - Devin Setoguchi is hit by John Moore and loses puck.
4:40 of 2nd period - Wrist shot by Eric Wellwood.
4:40 of 2nd period - Stopped by Viktor Fasth without a rebound.
4:41 of 2nd period - Tyler Seguin wins face-off versus Andy Miele in Predators zone.
4:56 of 2nd period - Slapshot by Cam Fowler.
4:56 of 2nd period - Deflect By Andy Miele.
4:56 of 2nd period - Stopped by Viktor Fasth with a rebound.
5:08 of 2nd period - Eric Wellwood is hit by Mikael Granlund and loses puck.
5:53 of 2nd period - Slapshot by Alexander Edler.
5:53 of 2nd period - Shot Blocked by Branislav Mezei.
5:55 of 2nd period - Slapshot by Alexander Edler.
5:55 of 2nd period - Shot Misses the Net.
5:57 of 2nd period - Wrist shot by Nik Antropov.
5:57 of 2nd period - Stopped by Andrei Vasilevskiy with a rebound.
6:18 of 2nd period - Off-side.
6:19 of 2nd period - Tyler Seguin wins face-off versus Jack Eichel in neutral zone.
6:21 of 2nd period - Off-side.
6:22 of 2nd period - Tyler Seguin wins face-off versus Jack Eichel in neutral zone.
6:33 of 2nd period - Wrist shot by Tyler Seguin.
6:33 of 2nd period - Stopped by Viktor Fasth without a rebound.
6:34 of 2nd period - Ryan Kesler wins face-off versus Martin Havlat in Predators zone.
6:34 of 2nd period - Ryan Kesler is hit by Martin Havlat.
7:00 of 2nd period - John Moore is hit by Pavel Datsyuk and loses puck.
7:47 of 2nd period - Snap shot by Jaden Schwartz.
7:47 of 2nd period - Shot Misses the Net.
7:49 of 2nd period - Slapshot by John Moore.
7:49 of 2nd period - Shot Blocked by Brandon Bollig.
8:09 of 2nd period - Snap shot by Artemi Panarin.
8:09 of 2nd period - Stopped by Viktor Fasth without a rebound.
8:10 of 2nd period - Tyler Seguin wins face-off versus Byron Bitz in Predators zone.
8:17 of 2nd period - Wrist shot by Tyler Seguin.
8:17 of 2nd period - Shot Misses the Net.
8:19 of 2nd period - Wrist shot by Martin Havlat.
8:19 of 2nd period - Shot Misses the Net.
8:21 of 2nd period - Slapshot by Cam Fowler.
8:21 of 2nd period - Stopped by Viktor Fasth with a rebound.
8:23 of 2nd period - Wrist shot by Artemi Panarin.
8:23 of 2nd period - Shot Misses the Net.
8:25 of 2nd period - Wrist shot by Artemi Panarin.
8:25 of 2nd period - Goal by Artemi Panarin - Predators : 1 - Blue Jackets : 2.
8:26 of 2nd period - Tyler Seguin wins face-off versus Jack Eichel in neutral zone.
8:29 of 2nd period - Wrist shot by Artemi Panarin.
8:29 of 2nd period - Stopped by Viktor Fasth with a rebound.
9:07 of 2nd period - Slapshot by Ryan Mcdonagh.
9:07 of 2nd period - Deflect By Cam Fowler.
9:07 of 2nd period - Stopped by Andrei Vasilevskiy without a rebound.
9:08 of 2nd period - Pavel Datsyuk wins face-off versus Ryan Kesler in Blue Jackets zone.
9:21 of 2nd period - Wrist shot by Brendan Gallagher.
9:21 of 2nd period - Stopped by Andrei Vasilevskiy with a rebound.
10:18 of 2nd period - Eric Wellwood is hit by John Moore and loses puck.
10:27 of 2nd period - Wrist shot by Alexander Ovechkin.
10:27 of 2nd period - Shot Blocked by Peter Mueller.
10:29 of 2nd period - Slapshot by Mikael Granlund.
10:29 of 2nd period - Shot Misses the Net.
10:31 of 2nd period - Slapshot by Justin Faulk.
10:31 of 2nd period - Deflect By Jack Eichel.
10:31 of 2nd period - Shot Misses the Net.
10:31 of 2nd period - Puck is out of play.
10:32 of 2nd period - Tyler Seguin wins face-off versus Ryan Kesler in Blue Jackets zone.
10:32 of 2nd period - Tyler Seguin is hit by Brendan Gallagher.
11:25 of 2nd period - Dmitri Kalinin is hit by Andreas Nodl.
12:03 of 2nd period - Snap shot by Alex Killorn.
12:03 of 2nd period - Shot Misses the Net.
12:09 of 2nd period - Snap shot by Alex Killorn.
12:09 of 2nd period - Stopped by Andrei Vasilevskiy with a rebound.
12:11 of 2nd period - Slapshot by Nate Schmidt.
12:11 of 2nd period - Shot Blocked by Mike Lundin.
12:47 of 2nd period - Slapshot by Andy Miele.
12:47 of 2nd period - Shot Misses the Net.
12:49 of 2nd period - Slapshot by Dmitri Kalinin.
12:49 of 2nd period - Stopped by Andrei Vasilevskiy with a rebound.
12:51 of 2nd period - Slapshot by Dmitri Kalinin.
12:51 of 2nd period - Deflect By Justin Abdelkader.
12:51 of 2nd period - Goal by Justin Abdelkader - Predators : 2 - Blue Jackets : 2.
12:52 of 2nd period - Jack Eichel wins face-off versus Tyler Seguin in neutral zone.
12:55 of 2nd period - Artemi Panarin is hit by Mikael Granlund.
13:50 of 2nd period - Minor Penalty to Justin Faulk for Interference.
13:51 of 2nd period - Tyler Seguin wins face-off versus Jaden Schwartz in Predators zone.
13:51 of 2nd period - Backhand shot by Artemi Panarin.
13:51 of 2nd period - Goal by Artemi Panarin - Predators : 2 - Blue Jackets : 3.
13:52 of 2nd period - Jack Eichel wins face-off versus Tyler Seguin in neutral zone.
14:25 of 2nd period - Snap shot by Jaden Schwartz.
14:25 of 2nd period - Stopped by Andrei Vasilevskiy with a rebound.
14:27 of 2nd period - Slapshot by Ryan Mcdonagh.
14:27 of 2nd period - Stopped by Andrei Vasilevskiy with a rebound.
15:19 of 2nd period - Mark Pysyk is hit by Tyler Kennedy.
16:05 of 2nd period - Snap shot by Andreas Nodl.
16:05 of 2nd period - Stopped by Viktor Fasth with a rebound.
16:07 of 2nd period - Minor Penalty to Dmitri Kalinin for Slashing.
16:08 of 2nd period - Tyler Seguin wins face-off versus Jaden Schwartz in Predators zone.
16:13 of 2nd period - Snap shot by Tyler Seguin.
16:13 of 2nd period - Stopped by Viktor Fasth without a rebound.
16:14 of 2nd period - Tyler Seguin wins face-off versus Jaden Schwartz in Predators zone.
16:15 of 2nd period - Wrist shot by Artemi Panarin.
16:15 of 2nd period - Stopped by Viktor Fasth without a rebound.
16:16 of 2nd period - Jaden Schwartz wins face-off versus Artemi Panarin in Predators zone.
18:02 of 2nd period - Ryan Mcdonagh is hit by Cam Fowler and loses puck.
18:07 of 2nd period - Penalty to Dmitri Kalinin is over, Dmitri Kalinin is back on ice.
18:24 of 2nd period - Icing by Ryan Mcdonagh.
18:25 of 2nd period - Cody Eakin wins face-off versus Jack Eichel in Predators zone.
19:24 of 2nd period - Slapshot by Eric Wellwood.
19:24 of 2nd period - Stopped by Viktor Fasth without a rebound.
19:25 of 2nd period - Tyler Seguin wins face-off versus Ryan Kesler in Predators zone.
Goals for this period are 1 for Predators vs 2 for Blue Jackets.
Shots for this period are 10 for Predators vs 14 for Blue Jackets.

3rd period


0:01 of 3rd period - Brendan Gallagher wins face-off versus Tyler Seguin in neutral zone.
0:23 of 3rd period - Minor Penalty to Jack Eichel for Tripping.
0:24 of 3rd period - Jaden Schwartz wins face-off versus Tyler Seguin in Predators zone.
0:31 of 3rd period - Wrist shot by Jaden Schwartz.
0:31 of 3rd period - Shot Misses the Net.
0:39 of 3rd period - Slapshot by Mike Lundin.
0:39 of 3rd period - Stopped by Viktor Fasth without a rebound.
0:40 of 3rd period - Tyler Seguin wins face-off versus Jaden Schwartz in Predators zone.
0:43 of 3rd period - Snap shot by Artemi Panarin.
0:43 of 3rd period - Stopped by Viktor Fasth without a rebound.
0:44 of 3rd period - Jaden Schwartz wins face-off versus Tyler Seguin in Predators zone.
2:23 of 3rd period - Penalty to Jack Eichel is over, Jack Eichel is back on ice.
2:47 of 3rd period - Minor Penalty to Nate Schmidt for Hooking.
2:48 of 3rd period - Peter Mueller wins face-off versus Jaden Schwartz in Predators zone.
4:47 of 3rd period - Penalty to Nate Schmidt is over, Nate Schmidt is back on ice.
4:59 of 3rd period - Slapshot by Alexander Ovechkin.
4:59 of 3rd period - Stopped by Andrei Vasilevskiy with a rebound.
5:09 of 3rd period - Byron Bitz is hit by Tyler Kennedy and loses puck.
5:16 of 3rd period - Peter Mueller is hit by Alex Killorn and loses puck.
5:56 of 3rd period - Andy Miele is hit by Eric Wellwood and loses puck.
6:25 of 3rd period - Alex Killorn is hit by Mike Lundin and loses puck.
6:32 of 3rd period - Alexander Edler is hit by Tyler Kennedy and loses puck.
6:48 of 3rd period - Nik Antropov is hit by Tyler Kennedy and loses puck.
7:03 of 3rd period - Snap shot by Pavel Datsyuk.
7:03 of 3rd period - Stopped by Viktor Fasth with a rebound.
7:05 of 3rd period - Snap shot by Eric Wellwood.
7:05 of 3rd period - Shot Misses the Net.
8:01 of 3rd period - Eric Wellwood is hit by Byron Bitz.
8:11 of 3rd period - Eric Wellwood is hit by John Moore and loses puck.
8:20 of 3rd period - Slapshot by Ryan Mcdonagh.
8:20 of 3rd period - Stopped by Andrei Vasilevskiy with a rebound.
8:22 of 3rd period - Slapshot by Alexander Edler.
8:22 of 3rd period - Stopped by Andrei Vasilevskiy with a rebound.
8:33 of 3rd period - Cam Fowler is hit by Byron Bitz and loses puck.
8:42 of 3rd period - Snap shot by Tyler Kennedy.
8:42 of 3rd period - Stopped by Viktor Fasth with a rebound.
8:48 of 3rd period - Eric Wellwood is hit by Alexander Edler and loses puck.
9:01 of 3rd period - Cam Fowler is hit by Justin Faulk and loses puck.
9:33 of 3rd period - Rob Scuderi is hit by Dmitri Kalinin and loses puck.
9:46 of 3rd period - Slapshot by Alex Killorn.
9:46 of 3rd period - Stopped by Andrei Vasilevskiy with a rebound.
9:50 of 3rd period - Wrist shot by Alex Killorn.
9:50 of 3rd period - Shot Misses the Net.
9:52 of 3rd period - Slapshot by Ryan Mcdonagh.
9:52 of 3rd period - Shot Misses the Net.
9:54 of 3rd period - Slapshot by John Moore.
9:54 of 3rd period - Shot Blocked by Eric Wellwood.
9:56 of 3rd period - Wrist shot by Alex Killorn.
9:56 of 3rd period - Goal by Alex Killorn - Predators : 3 - Blue Jackets : 3.
9:57 of 3rd period - Tyler Seguin wins face-off versus Jack Eichel in neutral zone.
11:32 of 3rd period - John Moore is hit by Cody Eakin and loses puck.
12:14 of 3rd period - Icing by Dmitri Kalinin.
12:15 of 3rd period - Jack Eichel wins face-off versus Tyler Seguin in Predators zone.
12:36 of 3rd period - Wrist shot by Justin Abdelkader.
12:36 of 3rd period - Shot Misses the Net.
12:38 of 3rd period - Snap shot by Andy Miele.
12:38 of 3rd period - Deflect By Justin Abdelkader.
12:38 of 3rd period - Goal by Justin Abdelkader - Predators : 4 - Blue Jackets : 3.
12:39 of 3rd period - Jack Eichel wins face-off versus Tyler Seguin in neutral zone.
12:49 of 3rd period - Wrist shot by Tyler Seguin.
12:49 of 3rd period - Shot Misses the Net.
12:51 of 3rd period - Slapshot by Mike Lundin.
12:51 of 3rd period - Shot Misses the Net.
12:53 of 3rd period - Snap shot by Tyler Seguin.
12:53 of 3rd period - Shot Misses the Net.
13:05 of 3rd period - Alexander Edler is hit by Cody Eakin and loses puck.
14:18 of 3rd period - Tyler Seguin is hit by Mikael Granlund and loses puck.
14:24 of 3rd period - Icing by Dennis Wideman.
14:25 of 3rd period - Jack Eichel wins face-off versus Tyler Seguin in Blue Jackets zone.
14:30 of 3rd period - Snap shot by Mikael Granlund.
14:30 of 3rd period - Shot Misses the Net.
16:52 of 3rd period - Cam Fowler is hit by Alex Killorn and loses puck.
17:34 of 3rd period - Snap shot by Alexander Ovechkin.
17:34 of 3rd period - Stopped by Andrei Vasilevskiy without a rebound.
17:35 of 3rd period - Pavel Datsyuk wins face-off versus Andy Miele in Blue Jackets zone.
17:44 of 3rd period - Dennis Wideman is hit by Justin Faulk and loses puck.
18:11 of 3rd period - Snap shot by Mikael Granlund.
18:11 of 3rd period - Stopped by Andrei Vasilevskiy with a rebound.
18:53 of 3rd period - Blue Jackets, Andrei Vasilevskiy is pulled from the net.
19:13 of 3rd period - Snap shot by Tyler Seguin.
19:13 of 3rd period - Shot Blocked by Brendan Gallagher.
19:51 of 3rd period - Snap shot by Tyler Kennedy.
19:51 of 3rd period - Shot Blocked by Nate Schmidt.
19:53 of 3rd period - Snap shot by Cam Fowler.
19:53 of 3rd period - Stopped by Viktor Fasth without a rebound.
19:54 of 3rd period - Bruce Boudreau call a timeout for Blue Jackets.
19:54 of 3rd period - Andy Miele wins face-off versus Tyler Seguin in Predators zone.
Goals for this period are 2 for Predators vs 0 for Blue Jackets.
Shots for this period are 8 for Predators vs 5 for Blue Jackets.